 Seeded DCSS version 0.28-a0-1389-gc726bef (webtiles) character file.

Game seed: 3749806054204483717 (custom seed)

240 Ayyar the Ruffian (level 5, 0/42 HPs)
             Began as a Draconian Transmuter on Jan 3, 2022.
             Slain by an ice beast (7 damage)
             ... on level 5 of the Dungeon.
             The game lasted 00:12:07 (5373 turns).

Ayyar the Ruffian (Draconian Transmuter)            Turns: 5373, Time: 00:12:07

Health: 0/42       AC:  6    Str: 14    XL:     5   Next: 80%
Magic:  9/9        EV: 12    Int: 14    God:
Gold:   219        SH:  0    Dex: 11    Spells: 5/9 levels left

rFire   . . .      SeeInvis .     - Unarmed
rCold   . . .      Faith    .   (no shield)
rNeg    . . .      Spirit   .   (armour unavailable)
rPois   .          Reflect  .   (helmet currently unavailable)
rElec   .          Harm     .   (no cloak)
rCorr   .          Rampage  .   e - +0 pair of gloves
Will    .....                   (boots currently unavailable)
Stlth   ++........              (no amulet)
HPRegen 0.14/turn               (no ring)
MPRegen 0.11/turn               (no ring)

@: appendages (expiring), slowed, very slow
A: horns 2, talons 2, AC +5, unfitting armour, cold-blooded
a: End Transformation


You were on level 5 of the Dungeon.
You had temporarily grown beastly horns and talons.
You visited 1 branch of the dungeon, and saw 5 of its levels.

You collected 219 gold pieces.

Inventory:

Hand Weapons
 b - a +3 short sword of draining
Missiles
 a - 6 poisoned darts (quivered)
 f - 2 atropa-tipped darts
Armour
 e - a +0 pair of gloves (worn)
Scrolls
 c - 3 scrolls of identify {unknown}
 d - a scroll of vulnerability {unknown}
 h - a scroll of magic mapping {unknown}
 i - 3 scrolls of amnesia {unknown}
 k - a scroll of enchant weapon {unknown}
 l - a scroll of immolation {unknown}
 m - a scroll of noise {unknown}
Potions
 g - 2 potions of curing
 j - a potion of might {unknown}


   Skills:
 + Level 2.6 Fighting
 + Level 1.1 Throwing
 + Level 2.6 Dodging
 + Level 1.4 Stealth
 + Level 3.7 Unarmed Combat
 + Level 2.9 Spellcasting
 + Level 3.0 Transmutations
 * Level 0.6 Poison Magic


You had 5 spell levels left.
You knew the following spells:

 Your Spells              Type           Power      Damage    Failure   Level
a - Beastly Appendage     Tmut           20%        N/A       6%          1
b - Spider Form           Tmut/Pois      7%         N/A       30%         3

Your spell library contained the following spells:

 Spells                   Type           Power      Damage    Failure   Level
 Wereblood                Tmut           10%        N/A       10%         2
 Ice Form                 Ice/Tmut       6%         N/A       75%         4


Dungeon Overview and Level Annotations

Branches:
Dungeon (5/15)
 Temple: D:4-7

Altars:
Yredelemnul
Beogh

Annotations:
D:3 3 runed translucent doors, Dazed's ghost, weakling MiVM
D:4 1 runed translucent door


Innate Abilities, Weirdness & Mutations

You have temporarily grown beastly horns and talons.
Your plain brown scales are hard. (AC +5)
You cannot fit into any form of body armour.
You are cold-blooded and may be slowed by cold attacks.


Message History

You feel yourself speed up. The ice beast hits you. The ice beast freezes you!
The ice beast hits you but does no damage.
You hit the ice beast.
You tail-slap the ice beast, but do no damage.
The ice beast is lightly wounded.
The ice beast misses you.
You closely miss the ice beast.
Your tail-slap misses the ice beast.
The ice beast is lightly wounded.
The ice beast hits you but does no damage.
You hit the ice beast.
The ice beast is lightly wounded.
The ice beast completely misses you.
You barely miss the ice beast. You claw the ice beast.
Your headbutt misses the ice beast.
You tail-slap the ice beast, but do no damage.
The ice beast is moderately wounded.
The ice beast barely misses you.
You hit the ice beast.
The ice beast is heavily wounded.
Your transformation is almost over.
The ice beast hits you but does no damage.
You closely miss the ice beast.
You headbutt the ice beast, but do no damage.
You tail-slap the ice beast.
The ice beast is heavily wounded.
The ice beast hits you. The ice beast freezes you!
You feel yourself slow down.
* * * LOW HITPOINT WARNING * * *
You hit the ice beast.
You claw the ice beast, but do no damage.
Your headbutt misses the ice beast.
The ice beast is almost dead.
The ice beast closely misses you.
You hit the ice beast but do no damage.
The ice beast is almost dead.
You feel yourself speed up. The ice beast hits you.
* * * LOW HITPOINT WARNING * * *
The ice beast freezes you!
You feel yourself slow down.
You die...

#########
#@Y......
#........
#........
#.$......
########.


You could see an ice beast.

Vanquished Creatures
  A human zombie (D:4)
  A human skeleton (D:4)
  3 gnolls (D:3)
  8 adders
  2 ufetubi (D:4)
  3 worms
  2 dart slugs
  4 orcs
  2 bats (D:2)
  2 endoplasms
  6 giant cockroaches
  A goblin (D:2)
  6 hobgoblins
  2 jackals (D:3)
  A kobold (D:1)
  2 quokkas
  8 ball pythons
  5 frilled lizards
  6 rats
65 creatures vanquished.

Notes
Turn   | Place    | Note
-------+----------+-------------------------------------------
     0 | D:1      | Ayyar the Draconian Transmuter began the quest for the Orb.
     0 | D:1      | Reached XP level 1. HP: 16/16 MP: 3/3
   549 | D:1      | Found a faded altar of an unknown god.
   659 | D:1      | Reached XP level 2. HP: 22/23 MP: 3/5
  1342 | D:1      | Reached XP level 3. HP: 15/29 MP: 4/6
  1977 | D:2      | Reached XP level 4. HP: 34/36 MP: 5/7
  2412 | D:3      | HP: 1/36 [gnoll (8)]
  3463 | D:3      | Reached skill level 1 in Stealth
  3673 | D:3      | Reached XP level 5. HP: 42/42 MP: 7/9
  3804 | D:3      | Found a runed translucent gate.
  3805 | D:3      | Found a runed translucent gate.
  3807 | D:3      | Found a runed translucent gate.
  3807 | D:3      | Noticed Dazed's ghost (weakling MiVM)
  3825 | D:3      | Identified the +4 mace "Xoaqiuru" {elec, SInv}
  4831 | D:4      | Learned a level 3 spell: Spider Form
  4834 | D:4      | Found a runed translucent door.
  4834 | D:4      | Noticed a human
  4851 | D:4      | Reached skill level 1 in Throwing
  4866 | D:4      | Found a basalt altar of Yredelemnul.
  5354 | D:5      | Entered Level 5 of the Dungeon
  5362 | D:5      | Noticed an ice beast
  5373 | D:5      | Slain by an ice beast

Illustrated notes

Levels and vault maps discovered:
D:1:      psy_arrival_statuary, layout_basic,
          chequers_ecumenical_altar_simple_redux
D:2:      layout_rooms
D:3:      layout_basic, biasface_ghost_orc_armoury, gup_sewer_entry_spiral,
          kennysheep_minor_cross, minmay_misc_feat_plants,
          chequers_serial_rivers_small_b
D:4:      layout_loops_ring, dk_yredelemnul_ordeal
D:5:      layout_gridville, kennysheep_mini_moat, nicolae_tso_besieged_by_evil,
          serial_shops, shop_statue, wad_rectangle_vault

Skill      XL: |  1  2  3  4  5 |
---------------+----------------+-----
Dodging        | 2 |  2.6
Fighting       | 2 |  2.6
Stealth        | 1 |  1.4
Throwing       | 1 |  1.1
Transmutations | 3 |  3.0
Unarmed Combat | |  3.7
Spellcasting   | |  2.9
Poison Magic   | |  0.6

Action                   |  1- 3 |  4- 6 || total
-------------------------+-------+-------++-------
Melee: Unarmed           |    97 |   184 ||   281
       Kick              |    10 |    30 ||    40
       Headbutt          |    10 |    15 ||    25
       Tailslap          |     6 |    16 ||    22
       Punch             |     1 |     2 ||     3
Throw: Dart              |       |    19 ||    19
 Cast: Beastly Appendage |    20 |    27 ||    47
  Use: Potion            |       |     1 ||     1
 Stab: Sleeping          |       |     3 ||     3
Armor: Skin              |    43 |    59 ||   102
Dodge: Dodged            |    73 |   121 ||   194

Table legend: (Time is in decaauts)
 A = Elapsed time spent in this place.
 B = Non-inter-level travel time spent in this place.
 C = Inter-level travel time spent in this place.
 D = Time resting spent in this place.
 E = Time spent auto-exploring this place.
 F = Levels seen in this place.
 G = Mean time per level.
                   A        B        C        D        E       F      G
               +--------+--------+--------+--------+--------+-----+--------+
         Total |   5400 |   5086 |    314 |    240 |   4145 |   5 | 1080.0 |
       Dungeon |   5400 |   5086 |    314 |    240 |   4145 |   5 | 1080.0 |
               +--------+--------+--------+--------+--------+-----+--------+

Top non-repeatable levels by time:
     D:3: 1780 daAuts
     D:1: 1390 daAuts
     D:2: 1296 daAuts
     D:4: 918 daAuts
     D:5: 14 daAuts
